 Dungeon Crawl Stone Soup version 0.31.0-32-g396128a36d (webtiles) character file.

Game seed: 4747617138869248236

1960 tizbic2 the Charlatan (level 9, 0/74 HPs)
             Began as a Red Draconian Artificer on Mar 27, 2024.
             Killed from afar by an electric eel (10 damage)
             ... with a bolt of electricity
             ... on level 7 of the Dungeon.
             The game lasted 00:26:20 (4821 turns).

tizbic2 the Charlatan (Red Draconian Artificer)     Turns: 4821, Time: 00:26:22

Health: 0/74       AC: 10    Str: 18    XL:     9   Next: 0%
Magic:  9/13       EV: 12    Int: 13    God:
Gold:   380        SH:  0    Dex: 11    Spells: 7/14 levels left

rFire   + . .        B - staff of alchemy
rCold   . . .        (no shield)
rNeg    . . .        (body armour unavailable)
rPois   +            (helmet restricted)
rElec   .            n - +1 cloak
rCorr   .            (no gloves)
SInv    .            k - +0 pair of boots
Will    .....        F - amulet of the acrobat
Stlth   +            (no ring)
HPRegen 0.32/turn    (no ring)
MPRegen 0.13/turn

%: acrobat
@: very slow
A: breathe fire, AC +7, unfitting armour, fire resistance 1, cold-blooded
a: Breathe Fire


You were on level 7 of the Dungeon.
You visited 1 branch of the dungeon, and saw 7 of its levels.

You collected 380 gold pieces.

Inventory:

Hand Weapons
 a - a +0 club
 f - the +8 dagger of a bazaar {heavy, rCorr Str-4 SInv}
   (You found it on level 2 of the Dungeon)

   Str-4:     It affects your strength (-4).
   SInv:      It lets you see invisible.
   rCorr:     It protects you from acid and corrosion.
 p - a +2 whip of freezing
 u - a +3 spectral club
 y - a +2 vampiric dagger
 E - a +4 quarterstaff of chaos
Missiles
 o - 5 atropa-tipped darts
 L - 6 poisoned darts
Armour
 k - a +0 pair of boots (worn)
 n - a +1 cloak (worn)
Magical Staves
 g - a staff of earth
 B - a staff of alchemy (weapon)
Jewellery
 x - an amulet of guardian spirit
 F - an amulet of the acrobat (around neck)
Talismans
 K - a beast talisman
Wands
 b - a wand of flame (4) (quivered)
 c - a wand of charming (11)
 d - a wand of iceblast (2)
 t - a wand of light (4)
 M - a wand of mindburst (14)
Scrolls
 h - 4 scrolls of poison
 i - a scroll of torment
 q - a scroll of revelation {unknown}
 r - 3 scrolls of blinking
 w - 2 scrolls of immolation {unknown}
 z - a scroll of silence
 C - a scroll of fear
 D - a scroll of amnesia
 H - 2 scrolls of enchant armour {unknown}
 I - a scroll of teleportation {unknown}
Potions
 e - a potion of cancellation
 j - 3 potions of curing
 l - 2 potions of berserk rage
 m - 6 potions of lignification
 s - a potion of haste
 v - 2 potions of might
 A - 2 potions of ambrosia
 G - a potion of mutation
 J - 2 potions of heal wounds {unknown}


   Skills:
 + Level 5.1 Fighting
 - Level 2.8 Short Blades
 + Level 4.0 Staves
 - Level 2.1 Dodging
 - Level 0.8 Stealth
 + Level 3.2 Spellcasting
 + Level 3.7 Fire Magic
 - Level 2.1 Earth Magic
 * Level 5.3 Alchemy
 + Level 5.7 Evocations


You had 7 spell levels left.
You knew the following spells:

 Your Spells              Type           Power      Damage    Failure   Level
a - Sting                 Conj/Alch      52%        1d6       8%          1
b - Mercury Vapours       Alch/Air       26%        N/A       12%         2
c - Olgreb's Toxic Radia  Alch           23%        N/A       26%         4

Your spell library contained the following spells:

 Spells                   Type           Power      Damage    Failure   Level
 Inner Flame              Hex/Fire       6%         N/A       32%         3
 Call Canine Familiar     Summ           2%         N/A       56%         3
 Sigil of Binding         Hex            2%         N/A       56%         3
 Irradiate                Conj/Alch      6%         3d13      91%         5
 Dimensional Bullseye     Hex/Tloc       1%         N/A       92%         4
 Ignition                 Fire           5%         3d4       100%        8


Dungeon Overview and Level Annotations

Branches:
Dungeon (7/15)             Temple (0/1) D:7

Altars:
Ashenzari
Elyvilon
Gozag
Kikubaaqudgha
Makhleb
Wu Jian
Xom
Zin

Shops:
D:5 =


Innate Abilities, Weirdness & Mutations

You can breathe blasts of fire.
Your fiery red scales are hard. (AC +7)
You cannot fit into any form of body armour.
Your flesh is heat resistant. (rF+)
You are cold-blooded and may be slowed by cold attacks.


Message History

The sting hits the orc but does no damage.
The orc looks even sicker.
The orc is moderately wounded.
You feel sick.
An electric eel comes into view.
You feel very sick.
You feel sick.
You kill the orc!
You hear a splash. x2
You feel sick.
You feel sick.
The electric eel shoots out a bolt of lightning at you!
The bolt of electricity hits the plant!
The plant begins to die.
The bolt of electricity hits the plant.
The plant begins to die.
The bolt of electricity hits you!
* * * LOW HITPOINT WARNING * * *
You feel sick.
You are no longer poisoned.
The electric eel shoots out a bolt of lightning at you!
The bolt of electricity hits you.
* * * LOW HITPOINT WARNING * * *
Your magical contamination has completely faded away.
A nearby plant withers and dies. x2
The electric eel shoots out a bolt of lightning at you!
The bolt of electricity hits you.
* * * LOW HITPOINT WARNING * * *
The electric eel shoots out a bolt of lightning at you!
The bolt of electricity hits you!
* * * LOW HITPOINT WARNING * * *
The electric eel shoots out a bolt of lightning at you!
The bolt of electricity misses you.
You start resting.
An electric eel is nearby!
Aiming: Bolt of Light
Press: ? - help, Shift-Dir - straight line, f - electric eel
Aim: an electric eel (57% to hit)
The bolt of light misses the electric eel.
The electric eel shoots out a bolt of lightning at you!
The bolt of electricity hits you!
You die...

#.. ♣~P~♣
##.P♣♣♣♣♣~~~♣~
##~♣♣~~~)~~≈≈~~
##~♣~~~~~~≈S≈≈≈~≈
#P♣~~~~~~≈~≈≈≈≈≈≈
♣PP~~P~~≈≈≈≈≈≈≈≈≈
♣♣~~~P~P≈~~≈≈≈≈≈≈≈≈≈
♣~~~♣~~~≈≈≈≈≈≈≈≈≈≈≈≈
♣~~@♣~~~≈≈≈≈≈≈≈≈≈≈≈~
#~~~S~~~~≈≈≈≈≈≈≈≈~~~
###♣~~~♣~~~~~~~≈≈~~~
#♣~~♣~♣~~~~~~~~~♣
##♣♣.P~~~♣♣♣~♣♣P
#..♣♣♣♣♣.♣..#
##...........
############


You could see an electric eel.

Vanquished Creatures
  Sigmund (D:3)
  An ice beast (D:5)
  A sky beast (D:7)
  2 ogres (D:6)
  A gnoll sergeant (D:5)
  3 scorpions
  2 bullfrogs
  3 wights (D:6)
  A howler monkey (D:4)
  4 electric eels
  2 orc priests
  A bombardier beetle (D:5)
  6 hounds
  4 jellies
  Crazy Yiuf (D:4)
  Ijyb (D:3)
  3 iguanas
  8 gnolls (D:5)
  4 adders
  A shadow imp (D:5)
  4 ufetubi
  A dart slug (D:2)
  2 ribbon worms (D:5)
  14 orcs
  7 ball pythons
  8 endoplasms
  6 giant cockroaches
  5 goblins
  7 hobgoblins
  7 jackals (D:3)
  9 bats
  A frilled lizard (D:2)
  7 kobolds
  3 rats
131 creatures vanquished.

Notes
Turn   | Place    | Note
-------+----------+-------------------------------------------
     0 | D:1      | tizbic2 the Draconian Artificer began the quest for the
                  | Orb.
     0 | D:1      | Reached XP level 1. HP: 16/16 MP: 1/1
   265 | D:1      | Reached XP level 2. HP: 17/23 MP: 2/2
   542 | D:1      | Found a faded altar of an unknown god.
   635 | D:2      | Reached skill level 1 in Staves
   824 | D:2      | Reached XP level 3. HP: 29/29 MP: 3/3
  1179 | D:2      | Identified the +8 dagger of a bazaar {heavy, rCorr Str-4
                  | SInv}
  1272 | D:2      | Found a shimmering altar of Xom.
  1413 | D:3      | Noticed Ijyb
  1418 | D:3      | Killed Ijyb
  1419 | D:3      | Reached skill level 1 in Short Blades
  1419 | D:3      | Reached skill level 1 in Earth Magic
  1568 | D:3      | Reached XP level 4. HP: 36/36 MP: 4/4
  1697 | D:3      | Noticed Sigmund
  1703 | D:3      | Killed Sigmund
  1704 | D:3      | Reached XP level 5. HP: 44/44 MP: 5/5
  2098 | D:3      | Found an ancient bone altar of Kikubaaqudgha.
  2163 | D:4      | Reached XP level 6. HP: 51/51 MP: 6/6
  2184 | D:4      | Found a white marble altar of Elyvilon.
  2216 | D:4      | Found a runed translucent door.
  2217 | D:4      | Noticed Crazy Yiuf
  2240 | D:4      | Killed Crazy Yiuf
  2241 | D:4      | Reached skill level 1 in Alchemy
  2340 | D:4      | Reached skill level 1 in Spellcasting
  2475 | D:4      | Learned a level 1 spell: Sting
  2639 | D:4      | Learned a level 2 spell: Mercury Vapours
  2886 | D:4      | Found an ornate altar of the Wu Jian Council.
  2923 | D:4      | Found a burning altar of Makhleb.
  2929 | D:4      | Found a broken altar of Ashenzari.
  2934 | D:4      | Found a glowing silver altar of Zin.
  2980 | D:5      | Entered Level 5 of the Dungeon
  2980 | D:5      | Found Buckeokk's Jewellery Shop.
  3008 | D:5      | Your scales start taking on a fiery red colour.
  3008 | D:5      | Reached XP level 7. HP: 57/57 MP: 6/8
  3008 | D:5      | Gained mutation: Your flesh is heat resistant. (rF+) [Red
                  | Draconian growth]
  3092 | D:5      | Reached skill level 1 in Fire Magic
  3346 | D:5      | Reached skill level 5 in Evocations
  3468 | D:5      | Reached XP level 8. HP: 56/66 MP: 9/11
  4006 | D:6      | Learned a level 4 spell: Olgreb's Toxic Radiance
  4046 | D:6      | Found an opulent altar of Gozag.
  4510 | D:7      | Found a staircase to the Ecumenical Temple.
  4525 | D:7      | Reached skill level 5 in Fighting
  4525 | D:7      | Reached skill level 5 in Alchemy
  4754 | D:7      | Reached XP level 9. HP: 32/74 MP: 13/13
  4821 | D:7      | Killed from afar by an electric eel

Illustrated notes

Levels and vault maps discovered:
D:1:      minmay_arrival_up_and_down, layout_rooms,
          shapermc_ecumenical_altar_mp_ritualfount
D:2:      layout_basic, basic_altar
D:3:      layout_basic, mainiacjoe_overflow_24_doors, uniq_sigmund, uniq_ijyb
D:4:      layout_rooms, nicolae_overflow_hidden_temple, kennysheep_mini_moat,
          minmay_overflow_temple_star_quad, hangedman_abyss_or_decor_stabs,
          hex_tiny, uniq_crazy_yiuf_cottage
D:5:      layout_rooms, serial_shops, nicolae_shop_gaudy_bauble
D:6:      layout_rooms, lemuel_round_altar, minmay_misc_feat_rows,
          kennysheep_potato
D:7:      layout_basic, overflow_temple_1_default, minmay_temple_entry_ruins,
          serial_bayou_lake_a

Skill      XL: |  1  2  3  4  5  6  7  8 |
---------------+-------------------------+-----
Staves         | 1 2 3 4 |  4.0
Fighting       | 2 3 4 5 |  5.1
Short Blades   | 1 2 |  2.8
Earth Magic    | 1 2 |  2.1
Evocations     | 4 5 |  5.7
Alchemy        | 2 3 5 |  5.3
Spellcasting   | 1 2 3 |  3.2
Fire Magic     | 2 3 |  3.7
Dodging        | |  2.1
Stealth        | |  0.8

Action                     |  1- 3 |  4- 6 |  7- 9 || total
---------------------------+-------+-------+-------++-------
  Melee: Staff             |   114 |       |    22 ||   136
         Tailslap          |    16 |     7 |    11 ||    34
         Whip              |     8 |       |       ||     8
         Dagger            |     5 |     3 |       ||     8
         Club              |     2 |    33 |       ||    35
         Quarterstaff      |       |    40 |    89 ||   129
   Cast: Sting             |       |    13 |    16 ||    29
         Mercury Vapours   |       |     1 |     5 ||     6
         Olgreb's Toxic Ra |       |       |     1 ||     1
Ability: Breathe Fire      |       |       |    23 ||    23
  Evoke: Wand              |     4 |    15 |     6 ||    25
    Use: Scroll            |     6 |     5 |     4 ||    15
   Stab: Sleeping          |     3 |     1 |       ||     4
         Distracted        |       |     1 |       ||     1
 Armour: Skin              |    78 |    44 |   122 ||   244
  Dodge: Dodged            |   106 |    56 |   124 ||   286
         Form:             |       |       |     1 ||     1
         Beast             |       |       |     1 ||     1
